3241 views
Uploaded 2020-03-18 21:06:17
Game version 1.32.3
1:53 long 4on4 ladder game on (8)BanewoodBog_LV
Saved by Teelo
3241 views
Uploaded 2020-03-18 21:06:17
Game version 1.32.3
1:53 long 4on4 ladder game on (8)BanewoodBog_LV

/ 0k
14 buildings @ 2k
/ 0.6k
| Peasant | 13 | 975 | / | 0 |
| total: | 13 | 975g | / | 0w |
| Altar of Kings | 2 | 360 | / | 100 |
| Barracks | 2 | 320 | / | 120 |
| Farm | 2 | 160 | / | 40 |
| total: | 6 | 840g | / | 260w |
| 0:07 | Peasant |
| 0:07 | Peasant |
| 0:25 | Altar of Kings |
| 0:38 | Peasant |
| 0:38 | Peasant |
| 0:39 | Peasant |
| 0:45 | Barracks |
| 0:56 | Altar of Kings |
| 0:58 | Peasant |
| 1:07 | Peasant |
| 1:07 | Peasant |
| 1:13 | Barracks |
| 1:19 | Peasant |
| 1:27 | Peasant |
| 1:31 | Farm |
| 1:34 | Farm |
| 1:42 | Peasant |
| 1:42 | Peasant |
| 1:43 | Peasant |
| Select | 15 |
| Build/train/purchase | 14 |
| Misc. action | 6 |
| Use ability | 2 |
| Esc | 1 |
| Peon | 7 | 525 | / | 0 |
| total: | 7 | 525g | / | 0w |
| Altar of Storms | 1 | 180 | / | 50 |
| Orc Burrow | 2 | 320 | / | 80 |
| Barracks | 1 | 180 | / | 50 |
| total: | 4 | 680g | / | 180w |
| 0:04 | Peon |
| 0:06 | Peon |
| 0:12 | Altar of Storms |
| 0:24 | Peon |
| 0:27 | Orc Burrow |
| 0:34 | Barracks |
| 0:44 | Peon |
| 0:55 | Peon |
| 1:09 | Peon |
| 1:27 | Peon |
| 1:35 | Orc Burrow |
| Select | 37 |
| Right click | 23 |
| Build/train/purchase | 8 |
| Chat | 5 |
| Right click | 10 |
| Assign group | 1 |
| Select | 1 |
| Peasant | 5 | 375 | / | 0 |
| total: | 5 | 375g | / | 0w |
| Altar of Kings | 1 | 180 | / | 50 |
| Farm | 2 | 160 | / | 40 |
| Barracks | 1 | 160 | / | 60 |
| total: | 4 | 500g | / | 150w |
| 0:04 | Altar of Kings |
| 0:05 | Peasant |
| 0:06 | Peasant |
| 0:06 | Peasant |
| 0:24 | Farm |
| 0:42 | Peasant |
| 0:42 | Peasant |
| 0:59 | Farm |
| 1:33 | Barracks |
| Right click | 18 |
| Select | 17 |
| Build/train/purchase | 5 |
/ 0k
15 buildings @ 2.5k
/ 0.6k
| Peon | 7 | 525 | / | 0 |
| total: | 7 | 525g | / | 0w |
| Altar of Storms | 1 | 180 | / | 50 |
| Orc Burrow | 2 | 320 | / | 80 |
| Barracks | 1 | 180 | / | 50 |
| Voodoo Lounge | 1 | 130 | / | 30 |
| total: | 5 | 810g | / | 210w |
| 0:03 | Peon |
| 0:04 | Peon |
| 0:10 | Altar of Storms |
| 0:17 | Orc Burrow |
| 0:31 | Peon |
| 0:50 | Barracks |
| 0:52 | Peon |
| 0:58 | Peon |
| 1:13 | Peon |
| 1:31 | Orc Burrow |
| 1:42 | Voodoo Lounge |
| 1:51 | Peon |
| Chat | 50 |
| Right click | 37 |
| Select | 22 |
| Build/train/purchase | 8 |
| Peon | 6 | 450 | / | 0 |
| total: | 6 | 450g | / | 0w |
| Orc Burrow | 1 | 160 | / | 40 |
| total: | 1 | 160g | / | 40w |
| 0:04 | Peon |
| 0:05 | Peon |
| 0:05 | Peon |
| 0:22 | Peon |
| 0:50 | Orc Burrow |
| 1:00 | Peon |
| 1:41 | Peon |
| Chat | 26 |
| Select | 12 |
| Right click | 8 |
| Build/train/purchase | 6 |
| Wisp | 4 | 240 | / | 0 |
| total: | 4 | 240g | / | 0w |
| Altar of Elders | 1 | 180 | / | 50 |
| Moon Well | 2 | 360 | / | 80 |
| Ancient of War | 1 | 150 | / | 60 |
| total: | 4 | 690g | / | 190w |
| 0:07 | Wisp |
| 0:07 | Wisp |
| 0:07 | Wisp |
| 0:15 | Altar of Elders |
| 0:32 | Moon Well |
| 0:34 | Wisp |
| 0:47 | Ancient of War |
| 1:35 | Moon Well |
| Select | 25 |
| Right click | 17 |
| Build/train/purchase | 5 |
| Use ability | 3 |
| Peon | 7 | 525 | / | 0 |
| total: | 7 | 525g | / | 0w |
| Altar of Storms | 1 | 180 | / | 50 |
| Orc Burrow | 1 | 160 | / | 40 |
| Barracks | 1 | 180 | / | 50 |
| War Mill | 1 | 205 | / | 0 |
| Voodoo Lounge | 1 | 130 | / | 30 |
| total: | 5 | 855g | / | 170w |
| 0:05 | Peon |
| 0:05 | Peon |
| 0:05 | Peon |
| 0:28 | Altar of Storms |
| 0:38 | Orc Burrow |
| 0:52 | Barracks |
| 0:55 | Peon |
| 0:55 | Peon |
| 0:57 | Peon |
| 1:27 | War Mill |
| 1:38 | Peon |
| 1:50 | Voodoo Lounge |
| Chat | 97 |
| Right click | 28 |
| Select group | 21 |
| Select | 10 |
| Build/train/purchase | 8 |
| Assign group | 1 |
⇛